TOP OF THE 1ST |
San Antonio Missions batting - Pitching for Mississippi Braves : LHP Matthew Spurrell
|
Pitching: LHP Matthew Spurrell
|
|
Batting: RHB Jaden Scott
|
0-0: Ball 1-0: Foul Ball, location: 2F 1-1: Hit by Pitch
|
Batting: SHB Hatsuo Miura
|
0-0: Ball 1-0: Ball Jaden Scott is caught stealing 2nd base 2-4 2-0: Ball 3-0: Base on Balls
|
Batting: RHB Manny Jurado
|
0-0: Ball 1-0: Ball 2-0: Foul Ball, location: 2F 2-1: Swinging Strike 2-2: Ball 3-2: Foul Ball, location: 2F 3-2: Strikes out looking
|
Batting: RHB Juan Espinoza
|
0-0: Fly out, F8 (Flyball, 78XD, EV 96.2 MPH)
|
Top of the 1st over - 0 runs, 0 hits, 0 errors, 1 left on base; San Antonio 0 - Mississippi 0 |
BOTTOM OF THE 1ST |
Mississippi Braves batting - Pitching for San Antonio Missions : RHP Andy Dunmire
|
Pitching: RHP Andy Dunmire
|
|
Batting: RHB Alex Velasquez
|
0-0: Called Strike 0-1: Foul Ball, location: 2F 0-2: Ground out 3-1 (Groundball, 34, EV 98.1 MPH)
|
Batting: SHB Jamie Roberts
|
0-0: Called Strike 0-1: TRIPLE (Flyball, 89XD, EV 108.8 MPH)
|
Batting: SHB Richello Badua
|
0-0: Called Strike 0-1: Ball 1-1: Foul Ball, location: 2F 1-2: Strikes out looking
|
Batting: SHB Bob Morales
|
0-0: Called Strike 0-1: Ground out 4-3 (Groundball, 4, EV 85.6 MPH)
|
Bottom of the 1st over - 0 runs, 1 hit, 0 errors, 1 left on base; San Antonio 0 - Mississippi 0 |
TOP OF THE 2ND |
San Antonio Missions batting - Pitching for Mississippi Braves : LHP Matthew Spurrell
|
Batting: RHB Joe Weissman
|
0-0: Called Strike 0-1: Called Strike 0-2: Strikes out swinging
|
Batting: RHB Bill Williams
|
0-0: Ball 1-0: Ball 2-0: Ball 3-0: Called Strike 3-1: Swinging Strike 3-2: Strikes out swinging
|
Batting: LHB Josh Slusarczyk
|
0-0: Ball 1-0: Foul Ball, location: 2F 1-1: Called Strike 1-2: Foul Ball, location: 2F 1-2: Strikes out swinging
|
Top of the 2nd over - 0 runs, 0 hits, 0 errors, 0 left on base; San Antonio 0 - Mississippi 0 |
BOTTOM OF THE 2ND |
Mississippi Braves batting - Pitching for San Antonio Missions : RHP Andy Dunmire
|
Batting: RHB Corey Dalton
|
0-0: Ball 1-0: Ball 2-0: Fly out, F7 (Line Drive, 7, EV 93.8 MPH)
|
Batting: LHB Oke Monti
|
0-0: Ball 1-0: Ball 2-0: Swinging Strike 2-1: Called Strike 2-2: SINGLE (Groundball, 4MD, EV 100.6 MPH)
|
Batting: LHB Ryan Murdock
|
0-0: Ball 1-0: Ball 2-0: Fly out, F7 (Flyball, 78M, EV 95.0 MPH)
|
Batting: RHB Adrian Billups
|
0-0: Ball 1-0: Swinging Strike 1-1: Foul Ball, location: 2F 1-2: Foul Ball, location: 2F 1-2: SINGLE (Groundball, 25, EV 65.0 MPH) (infield hit) Oke Monti to second
|
Batting: SHB Juan Aguilar
|
0-0: Ball 1-0: Ball 2-0: Foul Ball, location: 2F 2-1: Ball 3-1: Swinging Strike 3-2: Foul Ball, location: 2F 3-2: Base on Balls Oke Monti to third Adrian Billups to second
|
Batting: RHB Alex Velasquez
|
0-0: SINGLE (Groundball, 4S, EV 73.8 MPH) (infield hit) Oke Monti scores Adrian Billups to third Juan Aguilar to second
|
Batting: SHB Jamie Roberts
|
0-0: Called Strike 0-1: Foul Ball, location: 2F 0-2: Strikes out looking
|
Bottom of the 2nd over - 1 run, 3 hits, 0 errors, 3 left on base; San Antonio 0 - Mississippi 1 |
TOP OF THE 3RD |
San Antonio Missions batting - Pitching for Mississippi Braves : LHP Matthew Spurrell
|
Batting: RHB Danny Gallegos
|
0-0: SINGLE (Line Drive, 89S, EV 99.4 MPH)
|
Batting: LHB Yeong-hun Joe
|
0-0: SINGLE (Groundball, 6MD, EV 93.8 MPH) Danny Gallegos to second
|
Batting: RHB Jaden Scott
|
0-0: Swinging Strike 0-1: Swinging Strike 0-2: Ball 1-2: Ball 2-2: Strikes out swinging
|
Batting: SHB Hatsuo Miura
|
0-0: Called Strike 0-1: TRIPLE (Line Drive, 89XD, EV 113.1 MPH) Danny Gallegos scores Yeong-hun Joe scores
|
Batting: RHB Manny Jurado
|
0-0: Ball 1-0: Ball 2-0: Ball 3-0: Called Strike 3-1: Base on Balls
|
Batting: RHB Juan Espinoza
|
0-0: Ball 1-0: Ball 2-0: Called Strike 2-1: DOUBLE (Line Drive, 8RXD, EV 100.0 MPH) Hatsuo Miura scores Manny Jurado to third
|
Batting: RHB Joe Weissman
|
0-0: Ball 1-0: Foul Ball, location: 2F 1-1: Foul Ball, location: 2F 1-2: Strikes out swinging
|
Batting: RHB Bill Williams
|
0-0: Ball 1-0: Swinging Strike 1-1: Foul Ball, location: 2F 1-2: Strikes out swinging
|
Top of the 3rd over - 3 runs, 4 hits, 0 errors, 2 left on base; San Antonio 3 - Mississippi 1 |
BOTTOM OF THE 3RD |
Mississippi Braves batting - Pitching for San Antonio Missions : RHP Andy Dunmire
|
Batting: SHB Richello Badua
|
0-0: Ground out 5-3 (Groundball, 5S, EV 90.0 MPH)
|
Batting: SHB Bob Morales
|
0-0: SOLO HOME RUN (Line Drive, 89XD, EV 110.0 MPH), Distance : 419 ft
|
Batting: RHB Corey Dalton
|
0-0: Ground out 5-3 (Groundball, 5, EV 85.0 MPH)
|
Batting: LHB Oke Monti
|
0-0: Called Strike 0-1: Ball 1-1: SINGLE (Line Drive, 5D, EV 96.2 MPH)
|
Batting: LHB Ryan Murdock
|
0-0: Ball 1-0: Foul Ball, location: 2F 1-1: Fielders Choice at 2nd, 6-4 (Groundball, 6, EV 80.0 MPH)
|
Bottom of the 3rd over - 1 run, 2 hits, 0 errors, 1 left on base; San Antonio 3 - Mississippi 2 |
TOP OF THE 4TH |
San Antonio Missions batting - Pitching for Mississippi Braves : LHP Matthew Spurrell
|
Batting: LHB Josh Slusarczyk
|
0-0: Ball 1-0: Foul Ball, location: 2F 1-1: Swinging Strike 1-2: Ball 2-2: Strikes out looking
|
Batting: RHB Danny Gallegos
|
0-0: Called Strike 0-1: Called Strike 0-2: Strikes out looking
|
Batting: LHB Yeong-hun Joe
|
0-0: Called Strike 0-1: Called Strike 0-2: Ball 1-2: Fly out, F8 (Flyball, 8RD, EV 103.1 MPH)
|
Top of the 4th over - 0 runs, 0 hits, 0 errors, 0 left on base; San Antonio 3 - Mississippi 2 |
BOTTOM OF THE 4TH |
Mississippi Braves batting - Pitching for San Antonio Missions : RHP Andy Dunmire
|
Batting: RHB Adrian Billups
|
0-0: Called Strike 0-1: Ball 1-1: Ball 2-1: Foul Ball, location: 2F 2-2: Ground out U3 (Groundball, 3, EV 101.9 MPH)
|
Batting: SHB Juan Aguilar
|
0-0: Ball 1-0: Ball 2-0: Called Strike 2-1: Swinging Strike 2-2: Strikes out swinging
|
Batting: RHB Alex Velasquez
|
0-0: Called Strike 0-1: Foul Ball, location: 2F 0-2: Foul Ball, location: 2F 0-2: Ball 1-2: Foul Ball, location: 2F 1-2: Strikes out swinging
|
Bottom of the 4th over - 0 runs, 0 hits, 0 errors, 0 left on base; San Antonio 3 - Mississippi 2 |
TOP OF THE 5TH |
San Antonio Missions batting - Pitching for Mississippi Braves : LHP Matthew Spurrell
|
Batting: RHB Jaden Scott
|
0-0: Swinging Strike 0-1: Called Strike 0-2: Ball 1-2: Ball 2-2: Strikes out swinging
|
Batting: SHB Hatsuo Miura
|
0-0: Ground out 6-3 (Groundball, 56, EV 81.2 MPH)
|
Batting: RHB Manny Jurado
|
0-0: Ball 1-0: Foul Ball, location: 2F 1-1: Called Strike 1-2: Ball 2-2: Ground out 5-3 (Groundball, 5, EV 88.1 MPH)
|
Top of the 5th over - 0 runs, 0 hits, 0 errors, 0 left on base; San Antonio 3 - Mississippi 2 |
BOTTOM OF THE 5TH |
Mississippi Braves batting - Pitching for San Antonio Missions : RHP Andy Dunmire
|
Batting: SHB Jamie Roberts
|
0-0: Ground out 4-3 (Groundball, 4, EV 89.4 MPH)
|
Batting: SHB Richello Badua
|
0-0: Foul Ball, location: 2F 0-1: Ball 1-1: Foul Ball, location: 2F 1-2: Foul Ball, location: 2F 1-2: Ground out 4-3 (Groundball, 4M, EV 106.9 MPH)
|
Batting: SHB Bob Morales
|
0-0: Fly out, F5 (Line Drive, 5L, EV 68.8 MPH)
|
Bottom of the 5th over - 0 runs, 0 hits, 0 errors, 0 left on base; San Antonio 3 - Mississippi 2 |
TOP OF THE 6TH |
San Antonio Missions batting - Pitching for Mississippi Braves : LHP Matthew Spurrell
|
Batting: RHB Juan Espinoza
|
0-0: Foul Ball, location: 2F 0-1: Swinging Strike 0-2: Strikes out swinging, 2-3 out at first.
|
Batting: RHB Joe Weissman
|
0-0: Foul Ball, location: 2F 0-1: Ball 1-1: Ball 2-1: Foul Ball, location: 2F 2-2: SINGLE (Line Drive, 9S, EV 89.4 MPH)
|
Batting: RHB Bill Williams
|
0-0: Ball 1-0: Called Strike 1-1: Ball 2-1: Called Strike 2-2: 2-RUN HOME RUN (Line Drive, 9LD, EV 95.6 MPH), Distance : 354 ft
|
Pitching: RHP Adam Reynolds
|
|
Batting: LHB Josh Slusarczyk
|
0-0: Swinging Strike 0-1: Foul Ball, location: 2F 0-2: Strikes out swinging
|
Batting: RHB Danny Gallegos
|
0-0: SINGLE (Flyball, 8RS, EV 99.4 MPH)
|
Batting: LHB Yeong-hun Joe
|
0-0: Called Strike 0-1: Called Strike 0-2: Reached via error on a dropped throw from 2B, E3 (Groundball, 34S, EV 62.5 MPH) Danny Gallegos to second
|
Batting: RHB Jaden Scott
|
0-0: Swinging Strike 0-1: Foul Ball, location: 2F 0-2: Foul Ball, location: 2F 0-2: TRIPLE (Line Drive, 9D, EV 105.0 MPH) Danny Gallegos scores Yeong-hun Joe scores
|
Batting: SHB Hatsuo Miura
|
0-0: Ball 1-0: Called Strike 1-1: Ball 2-1: Foul Ball, location: 2F 2-2: Strikes out looking
|
Top of the 6th over - 4 runs, 4 hits, 1 error, 1 left on base; San Antonio 7 - Mississippi 2 |
BOTTOM OF THE 6TH |
Mississippi Braves batting - Pitching for San Antonio Missions : RHP Andy Dunmire
|
Batting: RHB Corey Dalton
|
0-0: Called Strike 0-1: Ball 1-1: Ball 2-1: Ball 3-1: Ground out 6-3 (Groundball, 56, EV 101.2 MPH)
|
Batting: LHB Oke Monti
|
0-0: Swinging Strike 0-1: Ball 1-1: Ground out 6-3 (Groundball, 6M, EV 103.8 MPH)
|
Batting: LHB Ryan Murdock
|
0-0: Ball 1-0: Ball 2-0: SINGLE (Line Drive, 6D, EV 95.6 MPH)
|
Batting: RHB Adrian Billups
|
0-0: Ball 1-0: Swinging Strike 1-1: Foul Ball, location: 2F 1-2: Ball 2-2: Fielders Choice at 2nd, 5-4 (Groundball, 5L, EV 96.9 MPH)
|
Bottom of the 6th over - 0 runs, 1 hit, 0 errors, 1 left on base; San Antonio 7 - Mississippi 2 |
TOP OF THE 7TH |
San Antonio Missions batting - Pitching for Mississippi Braves : RHP Adam Reynolds
|
Batting: RHB Manny Jurado
|
0-0: Called Strike 0-1: Reached on error, E5 (Groundball, 56, EV 85.6 MPH)
|
Batting: RHB Juan Espinoza
|
0-0: Ball Manny Jurado is caught stealing 2nd base 2-4 1-0: Ball 2-0: Foul Ball, location: 2F 2-1: SINGLE (Groundball, 6S, EV 66.2 MPH) (infield hit)
|
Batting: RHB Joe Weissman
|
0-0: Ball 1-0: Ball 2-0: Ball 3-0: Called Strike 3-1: Called Strike 3-2: Foul Ball, location: 2F 3-2: Grounds into double play, 5-4-3 (Groundball, 56S, EV 86.9 MPH)
|
Top of the 7th over - 0 runs, 1 hit, 1 error, 0 left on base; San Antonio 7 - Mississippi 2 |
BOTTOM OF THE 7TH |
Mississippi Braves batting - Pitching for San Antonio Missions : RHP Andy Dunmire
|
Batting: SHB Juan Aguilar
|
0-0: Ball 1-0: Called Strike 1-1: Foul Ball, location: 2F 1-2: Foul Ball, location: 2F 1-2: Strikes out swinging
|
Batting: RHB Alex Velasquez
|
0-0: Ball 1-0: Reached on error, E3 (Groundball, 34, EV 105.6 MPH)
|
Batting: SHB Jamie Roberts
|
0-0: Ball 1-0: Ball 2-0: Ball 3-0: Base on Balls Alex Velasquez to second
|
Pitching: RHP Dong-choon Park
|
|
Batting: SHB Richello Badua
|
0-0: Ball 1-0: Ball 2-0: Swinging Strike 2-1: Foul Ball, location: 2F 2-2: Foul Ball, location: 2F 2-2: Strikes out looking
|
Batting: SHB Bob Morales
|
0-0: Ground out U3 (Groundball, 3, EV 86.2 MPH)
|
Bottom of the 7th over - 0 runs, 0 hits, 1 error, 2 left on base; San Antonio 7 - Mississippi 2 |
TOP OF THE 8TH |
San Antonio Missions batting - Pitching for Mississippi Braves : RHP Adam Reynolds
|
Batting: RHB Bill Williams
|
0-0: Called Strike 0-1: Ball 1-1: Foul Ball, location: 2F 1-2: Ground out 6-3 (Groundball, 6, EV 108.8 MPH)
|
Batting: LHB Josh Slusarczyk
|
0-0: Swinging Strike 0-1: Ball 1-1: Foul Ball, location: 2F 1-2: Ball 2-2: Strikes out swinging
|
Batting: RHB Danny Gallegos
|
0-0: Ground out 5-3 (Groundball, 56, EV 110.0 MPH)
|
Top of the 8th over - 0 runs, 0 hits, 0 errors, 0 left on base; San Antonio 7 - Mississippi 2 |
BOTTOM OF THE 8TH |
Mississippi Braves batting - Pitching for San Antonio Missions : RHP Dong-choon Park
|
Batting: RHB Corey Dalton
|
0-0: SINGLE (Line Drive, 89S, EV 94.4 MPH)
|
Batting: LHB Oke Monti
|
0-0: Ball 1-0: DOUBLE (Flyball, 8RXD, EV 110.6 MPH) Corey Dalton to third
|
Batting: LHB Ryan Murdock
|
0-0: Ball 1-0: Called Strike 1-1: Foul Ball, location: 2F 1-2: Foul Ball, location: 2F 1-2: Ground out U3 (Groundball, 3L, EV 87.5 MPH)
|
Batting: RHB Adrian Billups
|
0-0: Ball 1-0: Ball 2-0: Called Strike 2-1: Called Strike 2-2: Ball 3-2: Strikes out swinging
|
Batting: SHB Juan Aguilar
|
0-0: Ball 1-0: SINGLE (Line Drive, 34, EV 95.0 MPH) Corey Dalton scores Oke Monti to third Runner from 3rd tries for Home, SAFE, throw by RF to home
|
Batting: RHB Alex Velasquez
|
0-0: Ground out 5-3 (Groundball, 5S, EV 90.6 MPH)
|
Bottom of the 8th over - 2 runs, 3 hits, 0 errors, 1 left on base; San Antonio 7 - Mississippi 4 |
TOP OF THE 9TH |
San Antonio Missions batting - Pitching for Mississippi Braves : RHP Adam Reynolds
|
Pitching: RHP Rich Young
|
|
Batting: LHB Yeong-hun Joe
|
0-0: Called Strike 0-1: Ball 1-1: SINGLE (Groundball, 3S, EV 73.8 MPH) (infield hit)
|
Batting: RHB Jaden Scott
|
0-0: Sac Bunt to P - play at first, batter OUT! 1-3 Yeong-hun Joe to second
|
Batting: SHB Hatsuo Miura
|
0-0: Ball 1-0: SINGLE (Groundball, 34S, EV 69.4 MPH) (infield hit) Yeong-hun Joe to third
|
Batting: RHB Manny Jurado
|
0-0: Ball 1-0: Swinging Strike 1-1: Fly out, F8 (Flyball, 8RM, EV 90.6 MPH)
|
Batting: RHB Juan Espinoza
|
0-0: Fly out, F7 (Flyball, 78D, EV 97.5 MPH)
|
Top of the 9th over - 0 runs, 2 hits, 0 errors, 2 left on base; San Antonio 7 - Mississippi 4 |
BOTTOM OF THE 9TH |
Mississippi Braves batting - Pitching for San Antonio Missions : RHP Dong-choon Park
|
Batting: SHB Jamie Roberts
|
0-0: Ball 1-0: Called Strike 1-1: Foul Ball, location: 2F 1-2: Ball 2-2: Foul Ball, location: 2F 2-2: Ball 3-2: Foul Ball, location: 2F 3-2: Foul Ball, location: 2F 3-2: Ground out 3-1 (Groundball, 34S, EV 79.4 MPH)
|
Batting: SHB Richello Badua
|
0-0: Ball 1-0: Ground out U3 (Groundball, 34S, EV 86.9 MPH)
|
Batting: SHB Bob Morales
|
0-0: Ball 1-0: Called Strike 1-1: Ground out 1-3 (Groundball, 13S, EV 70.0 MPH)
|
Bottom of the 9th over - 0 runs, 0 hits, 0 errors, 0 left on base; San Antonio 7 - Mississippi 4 |
|